 Dungeon Crawl Stone Soup version 0.26-a0-1147-g3780a7a11b (webtiles) character file.

Game seed: 5140883008061929892

150 Dracia the Cudgeller (level 5, 0/37 HPs)
             Began as a Demonspawn Wanderer on Dec 22, 2020.
             Slain by an orc wizard
             ... wielding a +0 dagger
              (4 damage)
             ... on level 3 of the Dungeon.
             The game lasted 00:05:11 (2779 turns).

Dracia the Cudgeller (Demonspawn Wanderer)          Turns: 2779, Time: 00:05:11

Health: 0/37       AC:  7    Str: 11 (12) XL:     5   Next: 10%
Magic:  5/5        EV: 10    Int: 12 (14) God:
Gold:   133        SH:  0    Dex: 12 (13) Spells: 3/4 levels left

rFire    + . .     SeeInvis .   a - +0 hand axe
rCold    + . .     Faith    .   (no shield)
rNeg     . . .     Spirit   .   f - +0 ring mail {rF+}
rPois    .         Reflect  .   (no helmet)
rElec    .         Harm     .   (no cloak)
rCorr    .         Rampage  .   (no gloves)
Will     .....                  (no boots)
Stlth    +.........             (no amulet)
HPRegen  0.12/turn              (no ring)
MPRegen  0.09/turn              (no ring)

@: mighty, flying (expiring)
A: iridescent scales 1, cold resistance 1, demonic guardian 1
a: no special abilities


You were on level 3 of the Dungeon.
You visited 1 branch of the dungeon, and saw 3 of its levels.

You collected 133 gold pieces.


Innate Abilities, Weirdness & Mutations

You are partially covered in iridescent scales. (AC +2)
Your flesh is cold resistant. (rC+)
A weak demonic guardian rushes to your aid.


   Skills:
 - Level 1.0 Fighting
 - Level 0.5(2.2) Axes
 - Level 3.6 Maces & Flails
 + Level 1.8 Armour
 + Level 1.9 Dodging
 - Level 1.0 Hexes
 * Level 3.6 Ice Magic
 - Level 2.0 Evocations


You had 3 spell levels left.
You knew the following spells:

 Your Spells              Type           Power        Failure   Level
z - Freeze                Ice            32%          19%         1

Your spell library contained the following spells:

 Spells                   Type           Power        Failure   Level
 Frozen Ramparts          Ice            16%          47%         3

Inventory:

Hand Weapons
 a - a +0 hand axe (weapon)
 e - a +0 mace
 j - a -1 mace
Armour
 c - a +0 leather armour
 d - a +0 robe
 f - a +0 ring mail of fire resistance (worn)
Wands
 b - a wand of paralysis (15) (quivered)
Scrolls
 k - 2 scrolls of teleportation {unknown}
 l - a scroll of identify {unknown}

Dungeon Overview and Level Annotations

Branches:
Dungeon (3/15)

Altars:
Cheibriados
Dithmenos
Nemelex Xobeh
Okawaru
Qazlal
Sif Muna
Xom

#...####### #......##### #..)#
##.##### #...# #.# #...#
####.###### #...######
#.........####### #.........##
#.#..#.##.##..... #.#>.......#
#.#..#.##.##.##.#
.......##..###.#....##.##.##.#
......#.....){@.#.##..........#
#.. ....#..##)......##.##.####
.....#.##.)##.##.......##.####
#.....)..)g.).###########....#
#.#..#.#.####.# ####.# ...
.$.#.# #.# #.# . .ggg.#.# ..#
#.# ..og..g#.# #.# #.#
......g#.. ..# #..


There were no monsters in sight!


Message History

* * * LOW HITPOINT WARNING * * *
Things that are here:
a +0 club; a rat corpse You're too confused to move!
You hear some strange, mumbled words.
A puff of flame appears from out of thin air!
The puff of flame misses you.
You feel sick. Something hits you.
* * * LOW HITPOINT WARNING * * *
You see here a +0 dagger of venom.
You bump into the rock wall.
Something hits you but does no damage.
Unknown command.
You closely miss something. Something hits you but does no damage.
You bump into the rock wall.
Something hits you.
* * * LOW HITPOINT WARNING * * *
You completely miss something.
You feel less confused.
You feel sick.
You are no longer poisoned.
Something hits you but does no damage. x2
You miss something. Something hits you but does no damage.
You completely miss something.
You are starting to lose your buoyancy.
Something hits you.
* * * LOW HITPOINT WARNING * * *
You closely miss something. Something hits you but does no damage.
You closely miss something. Something hits you but does no damage.
Unknown command.
You hit something. Something hits you but does no damage. Something hits you.
You die...

Skill      XL: |  1  2  3 |
---------------+----------+-----
Ice Magic      | 2 3 |  3.6
Armour         | 1 |  1.8
Dodging        | 1 |  1.9
Fighting       | |  1.0
Axes           | |  0.5
Maces & Flails | |  3.6
Hexes          | |  1.0
Evocations     | |  2.0

Action                   |  1- 3 |  4- 6 || total
-------------------------+-------+-------++-------
Melee: Hand axe          |    16 |    98 ||   114
       Mace              |   124 |    13 ||   137
 Cast: Freeze            |     8 |     2 ||    10
  Use: Scroll            |     1 |     1 ||     2
       Potion            |       |     5 ||     5
Armor: Robe              |     1 |       ||     1
       Ring mail         |    78 |    85 ||   163
       Leather armour    |     1 |       ||     1
Dodge: Dodged            |   110 |    86 ||   196

Levels and vault maps discovered:
D:1:      mrwooster_arrival_arrow, layout_loops_corners
D:2:      layout_basic, lemuel_coloured_pillars_altar,
          chequers_ecumenical_altar_grove, doesnt_xom_only_xom
D:3:      layout_loops_cross, marbit_many_paths, uniq_robin

Notes
Turn   | Place    | Note
-------+----------+-------------------------------------------
     0 | D:1      | Dracia the Demonspawn Wanderer began the quest for the Orb.
     0 | D:1      | Dracia set off with the following items: a +0 hand axe, a
                  | wand of paralysis (15), a +0 robe; and the following spell
                  | memorised: Freeze; and the following spells available to
                  | memorise: Frozen Ramparts
     0 | D:1      | Reached XP level 1. HP: 15/15 MP: 1/1
    10 | D:1      | You fall into a shaft and drop 1 floor!
   121 | D:2      | Found a stormy altar of Qazlal.
   150 | D:2      | Reached skill level 2 in Ice Magic
   184 | D:2      | Gained mutation: You are partially covered in iridescent
                  | scales. (AC +2) [demonic ancestry]
   184 | D:2      | Reached XP level 2. HP: 6/21 MP: 0/2
   814 | D:1      | Reached skill level 1 in Armour
   814 | D:1      | Reached skill level 1 in Dodging
   854 | D:1      | Gained mutation: A weak demonic guardian rushes to your
                  | aid. [demonic ancestry]
   854 | D:1      | Reached XP level 3. HP: 26/26 MP: 3/3
  1565 | D:2      | Reached skill level 3 in Ice Magic
  1595 | D:2      | Gained mutation: Your flesh is cold resistant. (rC+)
                  | [demonic ancestry]
  1595 | D:2      | Reached XP level 4. HP: 17/32 MP: 1/4
  2035 | D:2      | Found a shadowy altar of Dithmenos.
  2037 | D:2      | Found a snail-covered altar of Cheibriados.
  2037 | D:2      | Found a shimmering altar of Xom.
  2039 | D:2      | Found a snail-covered altar of Cheibriados.
  2039 | D:2      | Found an iron altar of Okawaru.
  2039 | D:2      | Found a shimmering blue altar of Sif Muna.
  2142 | D:2      | Found a faded altar of an unknown god.
  2676 | D:3      | Found a sparkling altar of Nemelex Xobeh.
  2715 | D:3      | Noticed Robin
  2729 | D:3      | Killed Robin
  2730 | D:3      | Reached XP level 5. HP: 20/37 MP: 5/5
  2776 | D:3      | HP: 3/37 [something (1)]
  2779 | D:3      | Slain by an orc wizard

Vanquished Creatures
  5 adders
  An ufetubus (D:3)
  A worm (D:2)
  5 dart slugs
  A leopard gecko (D:1)
  4 orcs (D:3)
  2 giant cockroaches
  12 goblins
  6 hobgoblins
  3 jackals (D:2)
  A ball python (D:1)
  12 bats
  3 frilled lizards (D:1)
  7 kobolds
  8 rats
71 creatures vanquished.

Vanquished Creatures (collateral kills)
  Robin (D:3)
  An orc (D:3)
  5 goblins (D:3)
  A hobgoblin (D:3)
8 creatures vanquished.

Vanquished Creatures (others)
  A hobgoblin (D:2)
1 creature vanquished.

Grand Total: 80 creatures vanquished

Table legend: (Time is in decaauts)
 A = Elapsed time spent in this place.
 B = Non-inter-level travel time spent in this place.
 C = Inter-level travel time spent in this place.
 D = Time resting spent in this place.
 E = Time spent auto-exploring this place.
 F = Levels seen in this place.
 G = Mean time per level.
                   A        B        C        D        E       F      G
               +--------+--------+--------+--------+--------+-----+--------+
         Total |   2829 |   2772 |     57 |    223 |   1844 |   3 |  943.0 |
       Dungeon |   2829 |   2772 |     57 |    223 |   1844 |   3 |  943.0 |
               +--------+--------+--------+--------+--------+-----+--------+

Top non-repeatable levels by time:
     D:2: 1220 daAuts
     D:1: 1014 daAuts
     D:3: 594 daAuts

Table legend:
 A = Non-vault XP
 B = Vault XP
 C = Vault XP percentage of total XP
 D = Non-vault monster count
 E = Vault monster count
 F = Vault count percentage of total count
                 A         B        C        D         E       F
            +---------+---------+-------+---------+---------+-------
      Total |     188 |      27 |  12.6 |      66 |      13 |  16.5
            +---------+---------+-------+---------+---------+-------
        D:1 |      48 |       0 |   0.0 |      28 |       0 |   0.0
        D:2 |      84 |       0 |   0.0 |      24 |       0 |   0.0
        D:3 |      56 |      27 |  32.5 |      14 |      13 |  48.1
            +---------+---------+-------+---------+---------+-------
